Map: Ruins of Endion

Players

MorN - Winner!

  • Race: Terran Terran
  • League: Master

BDawg

  • Race: Terran Terran
  • League: Master

VOD

Have the link to the VOD?

Description

Crazy comeback from 6 (MorN) to 15 (BDawg) scvs

Time

  • Played on: May 8, 2016, 4:56 p.m.
  • Length: 18:50
Show
View Real Time Build Order
Export as new Build Order

MorN Terran - Winner!

Build Orders: Liberator Opening 

Get SALT Encoding   

  12  0:00  SCV  
  13  0:12  SCV  
  14  0:18  Supply Depot  
  14  0:24  SCV  
  15  0:38  Refinery  
  15  0:41  Barracks  
  15  0:43  SCV  
  16  0:52  Refinery  
  16  0:55  SCV  
  17  1:07  SCV  
  18  1:19  SCV  
  19  1:31  Reaper  
  20  1:39  Factory  
  20  1:42  SCV  
  21  1:55  Orbital Command  
  21  2:03  Reaper, Supply Depot  
  22  2:20  Engineering Bay  
  22  2:22  SCV  
  23  2:25  Hellion  
  24  2:34  Starport  
  24  2:41  SCV  
  24  2:42  Barracks Tech Lab  
  25  2:47  Hellion  
  25  2:51  Supply Depot  
  27  2:56  SCV  
  27  3:09  SCV  
  28  3:13  Factory Tech Lab, Barracks Reactor  
  28  3:17  Banshee, Cloaking Field  
  31  3:24  SCV  
  32  3:27  Supply Depot  
  32  3:34  Siege Tank  
  32  3:36  SCV  
  36  3:42  Liberator  
  36  3:49  SCV  
  36  3:50  Marine x2  
  42  4:07  SCV  
  43  4:15  Marine x2, Supply Depot  
  45  4:19  SCV  
  45  4:25  Siege Tank  
  47  4:34  SCV  
  47  4:38  Marine x2  
  21  5:06  SCV  
  19  5:21  SCV  
  19  5:39  SCV  
  20  5:43  Viking  
  22  5:51  SCV  
  23  6:02  Marine  
  24  6:08  SCV  
  25  6:12  Viking  
  25  6:16  Hellion  
  29  6:20  SCV  
  30  6:27  Marine  
  30  6:32  SCV  
  32  6:44  SCV  
  33  6:50  Medivac  
  35  6:56  SCV  
  36  7:02  Marine  
  37  7:08  SCV  
  38  7:16  Medivac  
  38  7:20  SCV  
  40  7:33  SCV  
  41  7:43  Marine  
  42  7:45  SCV  
  43  7:54  Viking  
  43  7:57  SCV  
  44  8:19  Marine  
  40  8:27  Viking  
  40  8:28  SCV  
  40  8:30  Command Center  
  38  8:37  Marine  
  36  8:45  Siege Tank  
  36  8:46  SCV  
  39  8:54  Viking  
  39  8:55  Marine  
  42  8:58  SCV  
  43  9:08  Supply Depot  
  43  9:10  SCV  
  43  9:13  Marine  
  43  9:17  Stimpack  
  45  9:22  SCV  
  45  9:23  Barracks  
  45  9:24  Barracks  
  46  9:33  Medivac  
  46  9:35  SCV  
  49  9:45  Orbital Command  
  49  9:47  SCV  
  49  9:50  Liberator  
  50  9:56  Refinery  
  50  9:59  SCV  
  51  10:00  Marine  
  52  10:11  SCV  
  56  10:16  SCV  
  57  10:23  SCV  
  58  10:29  SCV  
  58  10:35  SCV  
  58  10:40  Marine x2  
  60  10:42  Marine  
  60  10:48  SCV  
  62  10:55  SCV  
  63  10:57  Marine  
  63  10:58  Marine  
  63  11:00  Marine  
  63  11:02  Viking  
  63  11:03  SCV  
  69  11:06  Supply Depot, Command Center  
  69  11:15  Marine  
  70  11:18  Marine  
  70  11:25  SCV  
  71  11:28  Siege Tank  
  71  11:32  SCV  
  73  11:36  Marine, Barracks Reactor  
  73  11:37  Barracks Reactor  
  73  11:44  SCV  
  71  11:49  Engineering Bay  
  71  11:50  Engineering Bay  
  71  11:52  Refinery  
  71  11:53  Combat Shields  
  71  11:54  Marine  
  66  12:09  SCV x2  
  66  12:12  Marine  
  66  12:13  Barracks x2  
  69  12:21  Marine x4, SCV  
  74  12:23  Medivac x2  
  74  12:26  SCV  
  80  12:33  SCV  
  80  12:35  Orbital Command  
  80  12:38  SCV  
  80  12:41  Marine x3, Terran Infantry Armor Level 1, Terran Infantry Weapons Level 1  
  84  12:49  Sensor Tower  
  84  12:50  Marine x2  
  86  12:54  SCV  
  86  12:58  SCV  
  88  12:59  Marine  
  88  13:05  Marine x4  
  92  13:10  Marine  
  92  13:12  Marine  
  95  13:17  Marine  
  95  13:19  Siege Tank  
  98  13:23  Marine  
  75  13:34  Marine x2  
  75  13:39  Marine x3  
  79  13:41  Marine  
  79  13:43  Marine  
  81  13:52  Marine x2, Siege Tank  
  86  13:57  Marine x3  
  86  13:59  Marine  
  84  14:03  Marine  
  75  14:10  Marine x2  
  75  14:14  Marine  
  77  14:17  Marine, Barracks Reactor  
  77  14:18  Barracks Reactor  
  77  14:21  Marine, Refinery x2  
  77  14:24  Siege Tank  
  81  14:25  Armory  
  81  14:27  Marine  
  81  14:28  Marine  
  83  14:32  Marine  
  83  14:35  Marine  
  83  14:36  SCV  
  83  14:37  Sensor Tower  
  86  14:39  Marine  
  86  14:45  Marine x2, SCV, Factory  
  88  14:51  Marine  
  88  14:52  Marine, SCV  
  92  14:53  SCV  
  92  14:56  Siege Tank  
  92  14:57  Marine x2, SCV  
  92  14:58  Supply Depot  
  100  15:01  Supply Depot  
  100  15:04  SCV  
  101  15:14  Terran Infantry Weapons Level 2, Supply Depot  
  101  15:20  Marine x3, SCV  
  101  15:21  Marine x2  
  107  15:29  Siege Tank  
  107  15:30  Terran Infantry Armor Level 2  
  110  15:48  Marine  
  110  15:49  Marine  
  108  16:02  Marine x2  
  110  16:05  Marine x2  
  110  16:06  Marine x2  
  110  16:08  Marine  
  115  16:14  Marine x2  
  115  16:15  Medivac x2  
  115  16:17  Factory Tech Lab  
  118  16:20  Marine  
  118  16:28  Siege Tank  
  118  16:29  Marine  
  103  16:39  Marine x2, Siege Tank  
  97  16:40  Marine  
  97  16:42  Marine x2  
  97  16:43  Marine x2, SCV  
  98  16:52  Marine x2  
  99  16:57  Marine x2  
  99  16:58  Marine  
  99  16:59  Marine  
  99  17:00  Marine, Siege Tank  
  99  17:01  Marine x2  
  109  17:04  Barracks  
  109  17:05  Barracks x2  
  109  17:10  Marine x2  
  109  17:11  Siege Tank  
  109  17:15  Marine x2  
  116  17:17  Marine x3  
  116  17:18  Marine  
  116  17:19  Marine  
  121  17:27  Command Center  
  121  17:30  Supply Depot  
  121  17:32  Siege Tank, Supply Depot x2  
  121  17:36  Marine  
  125  17:48  Marine  
  125  17:49  Marine x2  
  125  17:50  Marine  
  123  17:57  Medivac x2  
  123  17:58  Marine x3  
  125  17:59  Marauder  
  128  18:06  Marine x2  
  128  18:09  Marine  
  128  18:10  Marine x2  
  128  18:11  Barracks Reactor x2  
  128  18:12  Barracks Reactor  
  133  18:20  Marine x4  
  133  18:24  Marine x2  
  142  18:27  Marine x2  
  142  18:31  Marine  
Show
View Real Time Build Order
Export as new Build Order

BDawg Terran 

Build Orders: 1/1/1 

Get SALT Encoding   

  12  0:01  SCV  
  13  0:13  SCV  
  14  0:17  Supply Depot  
  14  0:25  SCV  
  15  0:36  Refinery  
  15  0:40  Barracks  
  15  0:45  SCV  
  16  0:51  Refinery  
  17  0:57  SCV  
  17  1:09  SCV  
  18  1:21  SCV  
  19  1:27  Barracks Reactor  
  19  1:33  Orbital Command  
  19  1:38  Factory  
  19  1:50  Supply Depot  
  19  1:59  SCV  
  20  2:04  Marine x2  
  22  2:11  SCV  
  23  2:24  Marine x2  
  23  2:27  Factory Tech Lab  
  23  2:29  Starport  
  25  2:35  SCV  
  26  2:44  Marine  
  26  2:46  Marine  
  26  2:47  Siege Tank  
  31  2:51  Supply Depot  
  31  3:13  SCV  
  31  3:18  Medivac  
  31  3:19  Siege Tank  
  37  3:26  Medivac  
  39  3:28  Supply Depot  
  39  4:03  Viking x2  
  44  4:10  Supply Depot, Command Center  
  44  4:16  Engineering Bay  
  29  4:43  SCV  
  25  4:55  SCV  
  23  5:07  SCV  
  24  5:19  SCV  
  25  5:25  Orbital Command  
  25  5:28  Siege Tank, Barracks Tech Lab  
  25  5:31  SCV  
  29  5:37  Missile Turret  
  29  5:43  SCV  
  30  5:55  SCV  
  31  5:57  SCV  
  31  6:00  Siege Tank  
  35  6:08  SCV, Viking  
  38  6:13  SCV  
  39  6:20  SCV  
  39  6:23  Marine  
  41  6:28  Orbital Command  
  41  6:32  SCV  
  42  6:44  SCV  
  42  6:46  Marine  
  44  6:55  SCV  
  44  6:56  SCV  
  44  6:58  Missile Turret  
  46  7:04  Barracks  
  46  7:05  Siege Tank  
  46  7:06  Barracks  
  46  7:07  SCV  
  51  7:08  SCV  
  51  7:09  Marine  
  51  7:19  SCV  
  51  7:20  Engineering Bay  
  52  7:24  Viking  
  52  7:27  Marine  
  55  7:30  SCV  
  56  7:38  SCV  
  56  7:40  Siege Tank  
  60  7:44  Marine  
  60  7:46  Supply Depot, SCV  
  60  7:48  Supply Depot  
  62  7:56  Terran Infantry Armor Level 1  
  62  7:57  Terran Infantry Weapons Level 1  
  60  8:05  Marine x2  
  60  8:10  Viking  
  60  8:22  Marine  
  51  8:33  SCV  
  36  8:42  SCV  
  36  8:45  SCV  
  40  8:49  Barracks Tech Lab x2  
  40  8:50  Barracks Reactor  
  40  8:54  SCV  
  39  8:57  SCV  
  40  9:06  SCV  
  40  9:09  SCV  
  42  9:18  Armory  
  42  9:19  Stimpack, SCV  
  42  9:21  Marine x2, SCV, Refinery x2  
  46  9:27  Marine x2  
  46  9:30  Viking  
  48  9:31  SCV  
  48  9:37  SCV  
  50  9:39  Marine  
  50  9:43  SCV  
  52  9:46  Combat Shields  
  52  9:49  Marine  
  53  9:53  SCV  
  53  9:58  SCV  
  55  10:01  Marine x2  
  55  10:05  SCV  
  58  10:08  Marine x2  
  58  10:10  Terran Infantry Armor Level 2  
  60  10:17  Supply Depot, SCV  
  60  10:19  Marine, Terran Infantry Weapons Level 2  
  58  10:35  Siege Tank, SCV x2  
  59  10:36  Marine x3  
  58  10:45  Viking  
  58  10:46  Marine  
  53  10:53  SCV  
  53  10:57  Marine  
  53  11:03  Marine  
  53  11:04  Marine x2  
  54  11:15  Marine  
  52  11:21  Marine  
  52  11:22  Marine  
  49  11:27  Marine  
  48  11:33  Marine  
  48  11:39  Marine  
  48  11:40  Marine  
  48  11:44  Orbital Command  
  48  11:46  SCV  
  47  12:03  SCV  
  48  12:11  SCV  
  49  12:15  SCV  
  49  12:19  Marine x2  
  49  12:20  Marine x2  
  53  12:23  SCV  
  53  12:27  SCV  
  55  12:32  Terran Infantry Armor Level 3  
  55  12:35  SCV  
  56  12:37  Marine  
  56  12:40  SCV  
  58  12:44  Marine x3  
  58  12:47  SCV  
  62  12:52  SCV  
  62  12:53  Siege Tank  
  66  12:59  SCV  
  66  13:03  Starport  
  66  13:04  SCV  
  68  13:05  Marine  
  68  13:06  Marine  
  68  13:11  SCV  
  71  13:25  Widow Mine  
  52  13:38  Marine  
  52  13:39  Medivac  
  55  13:46  Marine x3  
  58  13:53  Barracks  
  58  13:54  Barracks  
  58  13:55  SCV  
  59  13:56  Marine  
  59  14:01  Command Center  
  51  14:14  SCV x2  
  51  14:15  Marine x4  
  54  14:24  Terran Infantry Weapons Level 3  
  54  14:29  SCV  
  54  14:30  Refinery  
  55  14:39  SCV  
  55  14:42  Barracks Reactor  
  56  14:46  Missile Turret x2  
  56  14:50  Marine, SCV  
  56  14:51  SCV  
  59  14:55  Marine  
  59  14:56  Barracks Reactor  
  59  14:59  Barracks Reactor  
  60  15:08  SCV x2  
  60  15:13  Orbital Command  
  62  15:15  Marine  
  62  15:18  Marine  
  62  15:19  Marine  
  65  15:23  SCV x2  
  65  15:24  Marine  
  68  15:32  Marine  
  68  15:35  Marine x3, SCV  
  70  15:36  Marine  
  70  15:40  SCV  
  65  15:59  Marine x4  
  65  16:02  Marine x3  
  70  16:06  Marine  
  55  16:17  Marine  
  32  16:37  SCV x2  
  22  16:50  Marine x5, SCV  
  22  16:51  Marine x2  
  22  16:53  SCV  
  30  16:58  Orbital Command  
  28  17:02  SCV  
  28  17:03  Marine  
  28  17:05  SCV  
  28  17:08  Marine  
  32  17:14  SCV  
  33  17:17  SCV  
  33  17:18  Marine x3  
  37  17:26  SCV  
  37  17:28  SCV  
  39  17:31  SCV  
  40  17:38  SCV  
  40  17:42  Siege Tank  
  42  17:57  Marine x3  
  42  17:58  Marine x2  
  42  17:59  Marine x2  
  42  18:00  Marine  
  42  18:01  SCV x2  
  47  18:05  SCV  
  48  18:13  SCV x2  
  48  18:15  Marine  
  48  18:18  Marine x2, SCV  
  54  18:25  SCV x2  
  56  18:28  Marine x3  
  56  18:30  Marine x2, SCV  
  63  18:37  SCV  
Tags
 
Add a new tag
Caveats
  • Supply blocks, unpowered buildings, or Contaminate may cause inaccurate times.
  • Supply counts are checked every 10 seconds.